 Dungeon Crawl Stone Soup version 0.20-a0-313-g10ed074 (webtiles) character file.

267 Junicave the Digger (level 6, -3/34 HPs)
             Began as a Gargoyle Earth Elementalist on Dec 20, 2016.
             Killed by divine providence
             ... invoked by an orc priest
              (11 damage)
             ... on level 4 of the Dungeon.
             The game lasted 00:09:08 (3614 turns).

Junicave the Digger (Gargoyle Earth Elementalist)   Turns: 3614, Time: 00:09:09

Health: -3/34      AC: 13    Str: 11    XL:     6   Next: 21%
Magic:  12/12      EV:  5    Int: 18    God:
Gold:   165        SH:  0    Dex: 10    Spells: 9/13 levels left

rFire  . . .     SeeInvis .     a - +0 mace
rCold  . . .     Gourm    .     n - +0 chain mail (curse)
rNeg   + . .     Faith    .     (no shield)
rPois  ∞         Spirit   .     (no helmet)
rElec  +         Reflect  .     (no cloak)
rCorr  .         Harm     .     (no gloves)
MR     .....                    (no boots)
Stlth  ..........               m - amulet of regeneration
                                (no ring)
                                (no ring)

@: no status effects
A: negative energy resistance 1, electricity resistance, unbreathing,
petrification resistance, rot immunity, AC +4
a: no special abilities


You were on level 4 of the Dungeon.
You were not hungry.

You visited 1 branch of the dungeon, and saw 4 of its levels.

You collected 165 gold pieces.

Inventory:

Hand Weapons
 a - a +0 mace (weapon)
Missiles
 b - 106 stones (quivered)
Armour
 c - a +0 robe
 i - a +0 leather armour
 k - a +0 ring mail
 n - a cursed +0 chain mail (worn)
Jewellery
 m - an amulet of regeneration (around neck)
Scrolls
 g - a scroll of remove curse {unknown}
 h - 2 scrolls of amnesia {unknown}
 o - a scroll of teleportation {unknown}
 p - a scroll of fog {unknown}
 r - 3 scrolls of identify {unknown}
 t - a scroll of recharging {unknown}
 w - a scroll of noise {unknown}
 x - a scroll of random uselessness {unknown}
Potions
 l - a potion of cancellation {unknown}
 q - 5 potions of curing {unknown}
 v - a potion of ambrosia {unknown}
 z - a potion of lignification {unknown}
 A - a potion of might {unknown}
Books
 e - a book of Geomancy

   Spells                             Type                      Level
   a - Sandblast                      Earth                        1
   b - Passwall                       Transmutation/Earth          2
   c - Stone Arrow                    Conjuration/Earth            3
   d - Petrify                        Transmutation/Earth          4
   e - Lee's Rapid Deconstruction     Earth                        5
Comestibles
 d - 2 bread rations
 f - 3 meat rations
 j - 2 slices of pizza
 s - 2 beef jerkies
 u - 2 royal jellies
 B - a chunk of flesh


   Skills:
 + Level 1.2 Fighting
 + Level 2.2 Maces & Flails
 * Level 1.6 Armour
 - Level 1.5 Dodging
 - Level 2.1 Stealth
 * Level 4.1 Spellcasting
   Level 0.7 Transmutations
 + Level 4.8 Earth Magic


You had 9 spell levels left.
You knew the following spells:

 Your Spells              Type           Power        Failure   Level  Hunger
a - Sandblast             Erth           ###...       95%         1    None
b - Stone Arrow           Conj/Erth      ##....       100%        3    ###....


Dungeon Overview and Level Annotations

Branches:
Dungeon (4/15)
 Temple: D:4-7

Altars:
Elyvilon
Makhleb
Nemelex Xobeh
Yredelemnul


Innate Abilities, Weirdness & Mutations

You are resistant to torment.
Your stone body is resilient. (AC +4)
You are immune to poison.
You resist negative energy. (rN+)
You are resistant to electric shocks. (rElec)
You can survive without breathing.
You are immune to petrification.
You are immune to rotting.


Message History

The orc priest hits you but does no damage.
You closely miss the orc priest.
The orc priest is severely wounded.
The orc priest hits you with a hand axe.
* * * LOW HITPOINT WARNING * * *
You hit the orc priest but do no damage.
The orc priest is severely wounded.
The orc priest hits you with a hand axe.
* * * LOW HITPOINT WARNING * * *
You closely miss the orc priest.
The orc priest is severely wounded.
The orc priest hits you but does no damage.
You barely miss the orc priest.
The orc priest is severely wounded.
The orc priest barely misses you.
You closely miss the orc priest.
The orc priest is severely wounded.
The orc priest mumbles some strange prayers to Beogh against you.
Beogh smites you!
You die...

..#######...##....##
##.........
#..##........###.##
#..####....
###....#...#.....#
##.## #....
#.####..###....#
##..# ##... #.# #..#
###..####<.## ##.##
... #..# ##..#....#
#..## ....# #.##
##......######.##
.###.. #.#
##.............## #
##...#
#.@#...#######.## .
#.o####..# ##.# .
....# ##.# #.###
.....# #.# #..#.
..... #..# ##...
.... #.#######...
#.. #........... ...
#........... #
#...........


You could see an orc priest.

Vanquished Creatures
  A hound (D:4)
  A centaur skeleton (D:4)
  3 worker ants
  6 adders
  A howler monkey skeleton (D:4)
  2 oozes
  An orc (D:3)
  7 bats
  4 giant cockroaches
  7 hobgoblins
  7 jackals (D:1)
  A quokka (D:3)
  A ball python (D:1)
  4 frilled lizards (D:1)
  8 goblins
  10 kobolds
  A leopard gecko skeleton (D:4)
  10 rats
75 creatures vanquished.

Notes
Turn   | Place    | Note
-------+----------+-------------------------------------------
     0 | D:1      | Junicave the Gargoyle Earth Elementalist began the quest for the Orb.
     0 | D:1      | Reached XP level 1. HP: 10/10 MP: 3/3
    78 | D:1      | Reached XP level 2. HP: 12/15 MP: 0/5
   125 | D:1      | Reached skill level 1 in Maces & Flails
   588 | D:1      | Reached XP level 3. HP: 17/19 MP: 6/6
   594 | D:1      | Learned a level 3 spell: Stone Arrow
  2005 | D:2      | Found a burning altar of Makhleb.
  2015 | D:2      | Found a white marble altar of Elyvilon.
  2026 | D:2      | Reached XP level 4. HP: 24/24 MP: 8/8
  2034 | D:2      | Found a sparkling altar of Nemelex Xobeh.
  2708 | D:3      | Found a basalt altar of Yredelemnul.
  2868 | D:3      | Reached XP level 5. HP: 23/28 MP: 10/10
  3217 | D:4      | Reached skill level 1 in Armour
  3373 | D:4      | Reached skill level 1 in Fighting
  3405 | D:4      | Reached XP level 6. HP: 25/34 MP: 12/12
  3614 | D:4      | Killed from afar by an orc priest

Vault maps used:
D:1:      ncdulo_watergridlock
D:2:      grunt_temple_overflow_open, nemelex_spade_bored_becter
D:3:      yredelemnul_altar_generic
D:4:      nicolae_overflow_crystal_walls, grunt_tough_drop

Skill      XL: |  1  2  3  4  5 |
---------------+----------------+-----
Maces & Flails | 1 2 |  2.2
Earth Magic    | 4 |  4.8
Spellcasting   | 3 4 |  4.1
Armour         | 1 |  1.6
Fighting       | 1 |  1.2
Dodging        | |  1.5
Stealth        | |  2.1
Transmutations | |  0.7

Action                   |  1- 3 |  4- 6 || total
-------------------------+-------+-------++-------
Melee: Mace              |   147 |   196 ||   343
 Cast: Sandblast         |     9 |    11 ||    20
  Eat: Chunk             |     3 |     6 ||     9
Armor: Robe              |    21 |       ||    21
       Leather armour    |     5 |       ||     5
       Ring mail         |    43 |    10 ||    53
       Chain mail        |       |   168 ||   168
       Skin              |       |     8 ||     8
Dodge: Dodged            |   117 |    89 ||   206
